 Dungeon Crawl Stone Soup version 0.26-a0-639-g72c4674329 (webtiles) character file.

Game seed: 14904539299166668946

2529 DogServant the Fighter (level 9, 12/54 HPs)
             Began as a Gargoyle Fighter on Sept 15, 2020.
             Was a Follower of Hepliaklqana.
             Quit the game on level 7 of the Dungeon.
             The game lasted 00:20:23 (6705 turns).

DogServant the Fighter (Gargoyle Fighter)           Turns: 6705, Time: 00:20:23

Health: 12/54      AC: 17    Str: 21    XL:     9   Next: 54%
Magic:  10/10      EV:  8    Int: 10    God:    Hepliaklqana [*.....]
Gold:   468        SH: 16    Dex: 10    Spells: 8/8 levels left

rFire    x . .     SeeInvis .   d - +0 morningstar
rCold    + . .     Faith    .   c - +1 kite shield
rNeg     + . .     Spirit   .   b - +0 scale mail
rPois    ∞         Reflect  +   (no helmet)
rElec    +         Harm     .   m - +2 cloak
rCorr    .         Rampage  .   (no gloves)
MR       .....                  (no boots)
Stlth    ..........             i - amulet of reflection
HPRegen  0.18/turn              o - ring of ice
MPRegen  0.12/turn              (no ring)

@: no status effects
A: reduced essence, negative energy resistance 1, electricity resistance,
unbreathing, petrification resistance, rot immunity, AC +6
a: Recall Ancestor, Ancestor Identity, Renounce Religion


You were on level 7 of the Dungeon.
You worshipped Hepliaklqana.
Hepliaklqana was aware of your devotion.
You visited 2 branches of the dungeon, and saw 8 of its levels.

You collected 468 gold pieces.

Inventory:

Hand Weapons
 a - a +0 flail
 d - a +0 morningstar (weapon)
 u - a +0 vampiric whip
 x - a +0 dire flail
Armour
 b - a +0 scale mail (worn)
 c - a +1 kite shield (worn)
 m - a +2 cloak (worn)
Jewellery
 i - an amulet of reflection (around neck)
 o - a ring of ice (left hand)
Wands
 s - a wand of iceblast (2)
 v - a wand of digging (2)
 A - a wand of polymorph (3)
 B - a wand of random effects (26)
Scrolls
 e - 4 scrolls of remove curse
 h - 3 scrolls of fog {unknown}
 l - 7 scrolls of identify
 p - a scroll of immolation
 q - 2 scrolls of enchant armour
 r - 3 scrolls of teleportation
 w - a scroll of amnesia
 y - a scroll of fear {unknown}
 z - a scroll of random uselessness {unknown}
Potions
 f - 2 potions of haste
 g - 2 potions of stabbing
 j - 4 potions of curing {unknown}
 k - 2 potions of magic {unknown}
 n - 3 potions of lignification {unknown}
 t - a potion of degeneration {unknown}
 C - a potion of brilliance {unknown}
 D - a potion of flight {unknown}


   Skills:
 + Level 8.9 Fighting
 + Level 7.8 Maces & Flails
 + Level 6.1 Armour
 + Level 5.9 Shields
 + Level 1.7 Invocations


You had 8 spell levels left.
You didn't know any spells.
Your spell library contained the following spells:

 Spells                   Type           Power        Failure   Level
 Corona                   Hex            #......      97%         1
 Ensorcelled Hibernation  Hex/Ice        #.....       99%         2
 Confusing Touch          Hex            #.......     100%        3
 Dazzling Flash           Conj/Hex       #.....       100%        3
 Tukima's Dance           Hex            #.......     100%        3


Dungeon Overview and Level Annotations

Branches:
Dungeon (7/15)             Temple (1/1) D:6

Altars:
Ashenzari
Cheibriados
Elyvilon
Gozag
Hepliaklqana
Kikubaaqudgha
Makhleb
Okawaru
Qazlal
Ru
Trog
Uskayaw
Vehumet
Wu Jian
Xom
Zin
The Shining One


Innate Abilities, Weirdness & Mutations

You are resistant to torment.
Your stone body is resilient. (AC +6)
You are immune to poison.
You resist negative energy. (rN+)
You are resistant to electric shocks. (rElec)
You can survive without breathing.
You are immune to petrification.
You are immune to rotting.
Your life essence is reduced to manifest your ancestor. (-10% HP)


Message History

You barely miss the orc warrior.
The orc warrior is heavily wounded.
You block the orc warrior's attack.
You closely miss the orc warrior.
The orc warrior is heavily wounded.
The orc warrior hits you but does no damage.
You thump the orc warrior!
The orc warrior is severely wounded.
The orc warrior hits you with a +0 scimitar.
* * * LOW HITPOINT WARNING * * *
The orc warrior barely misses Synnove.
Something closely misses Synnove.
Something barely misses Synnove.
Something hits Synnove!
Something hits Synnove!
Something hits Synnove!!
Synnove is destroyed!
Okay, then.
Okay, then.
Are you sure you want to abandon this character and quit the game? (Confirm with "yes".)

######## #......#
#......##########
######......+.@.o.o..#
............########{##########
...........)>ooo{oo...........#
......##.#.#.################.#
......'..#.......... #.#
.....o###.)...#####. #.# .....
#..).....# #.# ...o #........#
#.. ..o #........# #..


You could see 2 orc warriors.

Vanquished Creatures
  Maggie (D:6)
  Grinder (D:5)
  2 hippogriffs (D:7)
  Sigmund (D:4)
  Menkaure (D:5)
  A sky beast (D:5)
  2 ice beasts
  A bullfrog (D:6)
  3 wights (D:6)
  A centaur zombie (D:3)
  6 hounds
  Crazy Yiuf (D:4)
  3 orc priests
  A bullfrog skeleton (D:6)
  3 jellies
  3 orc wizards
  5 worker ants
  A worker ant zombie (D:5)
  4 gnolls (D:5)
  8 adders
  2 white imps
  2 ufetubi (D:5)
  2 oozes (D:1)
  An adder skeleton (D:4)
  3 worms (D:2)
  3 dart slugs
  A leopard gecko (D:1)
  15 orcs
  10 bats
  4 giant cockroaches
  8 goblins
  7 hobgoblins
  8 jackals (D:3)
  8 kobolds
  5 quokkas
  A ball python (D:3)
  3 frilled lizards
  A jackal skeleton (D:5)
  A leopard gecko skeleton (D:4)
  5 rats
139 creatures vanquished.

Vanquished Creatures (collateral kills)
  An ooze (D:7)
  2 orcs (D:7)
3 creatures vanquished.

Vanquished Creatures (others)
  An orc wizard (D:4)
  An ancestor (D:7)
  A fungus (D:4)
3 creatures vanquished.

Grand Total: 145 creatures vanquished

Notes
Turn   | Place    | Note
-------+----------+-------------------------------------------
     0 | D:1      | DogServant the Gargoyle Fighter began the quest for the
                  | Orb.
     0 | D:1      | Reached XP level 1. HP: 14/14 MP: 1/1
   114 | D:1      | Reached XP level 2. HP: 19/19 MP: 2/2
   443 | D:1      | Reached XP level 3. HP: 24/24 MP: 3/3
   938 | D:2      | Reached skill level 4 in Fighting
  1094 | D:2      | Reached XP level 4. HP: 29/29 MP: 4/4
  1196 | D:2      | Found a glowing silver altar of Zin.
  1196 | D:2      | Noticed an angel
  1421 | D:2      | Found a sacrificial altar of Ru.
  1882 | D:3      | Reached XP level 5. HP: 15/34 MP: 5/5
  1900 | D:3      | Reached skill level 5 in Fighting
  2401 | D:3      | Reached XP level 6. HP: 40/40 MP: 6/6
  3256 | D:4      | Noticed Sigmund
  3279 | D:4      | Killed Sigmund
  3279 | D:4      | Reached skill level 6 in Fighting
  3279 | D:4      | Reached skill level 5 in Maces & Flails
  3279 | D:4      | Reached XP level 7. HP: 47/47 MP: 7/7
  3628 | D:4      | Found a runed translucent door.
  3629 | D:4      | Noticed Crazy Yiuf
  3646 | D:4      | Killed Crazy Yiuf
  3697 | D:5      | Entered Level 5 of the Dungeon
  3713 | D:5      | Found a bloodstained altar of Trog.
  3723 | D:5      | Found a radiant altar of Vehumet.
  4017 | D:5      | Reached skill level 7 in Fighting
  4319 | D:5      | Reached XP level 8. HP: 53/53 MP: 8/8
  4391 | D:5      | Noticed Menkaure
  4397 | D:5      | Killed Menkaure
  4618 | D:5      | Noticed Grinder
  4626 | D:5      | Killed Grinder
  4717 | D:5      | Found an ornate altar of the Wu Jian Council.
  5039 | D:6      | Noticed Maggie
  5061 | D:6      | Killed Maggie
  5061 | D:6      | Reached skill level 8 in Fighting
  5061 | D:6      | Reached skill level 5 in Armour
  5176 | D:6      | Found a staircase to the Ecumenical Temple.
  5184 | D:6      | Reached skill level 5 in Shields
  5184 | D:6      | Reached XP level 9. HP: 57/60 MP: 9/9
  5254 | Temple   | Entered the Ecumenical Temple
  5444 | Temple   | Became a worshipper of Hepliaklqana the Forgotten
  5470 | D:6      | Found a snail-covered altar of Cheibriados.
  6324 | D:7      | Reached skill level 1 in Invocations
  6400 | D:7      | Reached * piety under Hepliaklqana
  6705 | D:7      | Quit the game

Illustrated notes

Levels and vault maps discovered:
D:1:      dpeg_arrival_rhombi, layout_loops_ring
D:2:      layout_loops_cross, overflow_temple_1_default, zin_angel
D:3:      layout_rooms
D:4:      layout_basic, uniq_crazy_yiuf_cottage, uniq_sigmund
D:5:      layout_loops_ring, lemuel_doored_altar,
          amethyst_overflow_temple_binary, uniq_grinder, uniq_menkaure
D:6:      layout_loops_corners, cheibriados_altar_1,
          minmay_temple_entry_stoned_glass, uniq_maggie
D:7:      layout_basic, uniq_harold, uniq_pikel
Temple:   jpeg_temple_clearing

Skill      XL: |  1  2  3  4  5  6  7  8  9 |
---------------+----------------------------+-----
Fighting       | 4 5 6 7 8 |  8.9
Maces & Flails | 3 4 5 6 7 |  7.8
Armour         | 5 6 |  6.1
Shields        | 5 |  5.9
Invocations    | 1 |  1.7

Action                   |  1- 3 |  4- 6 |  7- 9 || total
-------------------------+-------+-------+-------++-------
Melee: Flail             |   116 |   114 |       ||   230
       Morningstar       |       |    95 |   236 ||   331
       Whip              |       |   101 |    95 ||   196
Invok: Ancestor Identity |       |       |     1 ||     1
Evoke: Wand              |       |       |     5 ||     5
  Use: Scroll            |       |    10 |       ||    10
       Potion            |       |     1 |       ||     1
Armor: Scale mail        |    63 |   166 |   129 ||   358
Dodge: Dodged            |    41 |    75 |    48 ||   164
Block: Kite shield       |    78 |   241 |   233 ||   552
       Reflection        |       |     4 |       ||     4

Table legend: (Time is in decaauts)
 A = Elapsed time spent in this place.
 B = Non-inter-level travel time spent in this place.
 C = Inter-level travel time spent in this place.
 D = Time resting spent in this place.
 E = Time spent auto-exploring this place.
 F = Levels seen in this place.
 G = Mean time per level.
                   A        B        C        D        E       F      G
               +--------+--------+--------+--------+--------+-----+--------+
         Total |   6867 |   6618 |    249 |      0 |   4996 |   8 |  858.4 |
       Dungeon |   6662 |   6494 |    168 |      0 |   4886 |   7 |  951.7 |
        Temple |    204 |    123 |     81 |      0 |    110 |   1 |  204.0 |
               +--------+--------+--------+--------+--------+-----+--------+

Top non-repeatable levels by time:
     D:5: 1287 daAuts
     D:6: 1009 daAuts
     D:4: 957 daAuts
     D:2: 956 daAuts
     D:1: 955 daAuts
     D:3: 928 daAuts
     D:7: 568 daAuts
  Temple: 204 daAuts
